[Event "Titled Tuesday Blitz June 28 Early 2022"]
[White "Hamley, Ryan"]
[Black "Sanchez, Robert"]
[WhiteFideId "30959497"]
[BlackFideId "2034360"]
[WhiteElo "2481"]
[BlackElo "2083"]
[Result "1-0"]
[Round "10"]
[TimeControl "180+1"]
[Date "2022.06.28"]
[WhiteClock "0:00:49"]
[BlackClock "0:00:29"]

1. d4 e6 2. c4 d5 3. Nf3 Be7 4. g3 Nf6 5. Bg2 O-O 6. O-O c6 7. Qc2 b6 8. Bf4 Bb7 9. Nbd2 Nbd7 10. Rad1 Qc8 11. Rfe1 c5 12. b3 cxd4 13. Ne5 Bb4 14. Rf1 h6 15. Ndf3 Nxe5 16. Bxe5 Nd7 17. Bxd4 dxc4 18. Qxc4 Qxc4 19. bxc4 Nc5 20. Ne5 Bxg2 21. Kxg2 Rac8 22. Bxc5 Bxc5 23. Nd7 Rfd8 24. Nxc5 Rxd1 25. Rxd1 Rxc5 26. Rd7 a5 27. Rb7 Rxc4 28. Rxb6 Ra4 29. Rb2 Kf8 30. Kf3 Ke7 31. Ke3 Kd6 32. Kd3 Kc5 33. Kc3 Ra3+ 34. Kc2 Kc4 35. Kb1 Kc3 36. Rc2+ Kd4 37. Rc7 g5 38. Rxf7 Kc3 39. Rf3+ 1-0


[Site "https://www.chess.com"]

[Event "Titled Tuesday Blitz June 28 Early 2022"]
[White "Heinemann, Josefine"]
[Black "Ciuffoletti, Paolo"]
[WhiteFideId "12900460"]
[BlackFideId "807630"]
[WhiteElo "2300"]
[BlackElo "2143"]
[Result "0-1"]
[Round "10"]
[TimeControl "180+1"]
[Date "2022.06.28"]
[WhiteClock "0:00:01"]
[BlackClock "0:00:22"]

1. Nf3 g6 2. d4 Bg7 3. h4 h5 4. c4 d6 5. Nc3 Nd7 6. Bg5 Nh6 7. Qd2 c5 8. e3 cxd4 9. exd4 Nf5 10. O-O-O Qa5 11. Re1 Nf6 12. Bd3 a6 13. Re2 b5 14. cxb5 O-O 15. b6 Qxb6 16. Kb1 Nxd4 17. Nxd4 Qxd4 18. Rxe7 Rb8 19. Rhe1 Nd5 20. Kc1 Rxb2 21. Kxb2 Nxc3 22. Kc1 Be6 23. R1xe6 fxe6 24. Rxg7+ Qxg7 25. Bh6 Qc7 26. Bxf8 Ne4+ 27. Qc2 Qxc2+ 28. Kxc2 Nxf2 29. Bxd6 Kf7 30. Bxa6 Ng4 31. Be2 Ne3+ 32. Kd2 Nxg2 33. a4 Nxh4 34. a5 Nf5 35. Be5 Ne7 36. a6 Nc6 37. Bc7 Ke7 38. Bf3 Kd7 39. Bh2 Nb4 0-1


[Site "https://www.chess.com"]

[Event "Titled Tuesday Blitz June 28 Early 2022"]
[White "Hoffmann, Asa"]
[Black "Antonio, Jorge Carlos"]
[WhiteFideId "2001470"]
[BlackFideId "113190"]
[WhiteElo "2117"]
[BlackElo "2247"]
[Result "1-0"]
[Round "10"]
[TimeControl "180+1"]
[Date "2022.06.28"]
[WhiteClock "0:01:07"]
[BlackClock "0:00:11"]

1. d4 e5 2. Nf3 e4 3. Nfd2 d5 4. Nb3 Bd6 5. g3 c6 6. Bg2 f5 7. N1d2 Nf6 8. c4 O-O 9. cxd5 cxd5 10. Nf1 a5 11. a3 Nc6 12. Bg5 h6 13. Bxf6 Qxf6 14. e3 a4 15. Nbd2 g5 16. h4 f4 17. hxg5 Qxg5 18. Qh5 f3 19. Qxg5+ hxg5 20. Bh3 g4 21. Bxg4 Bxg4 22. Rh6 Be7 23. Rg6+ Kf7 24. Rxg4 b5 25. Rc1 Na5 26. Nb1 Nc4 27. Nc3 Nxb2 28. Rb1 Nd3+ 29. Kd2 Nxf2 30. Rf4+ Kg8 31. Nxd5 Bxa3 32. Rxb5 Rab8 33. Rxf8+ Rxf8 34. Ra5 Bb2 35. Rxa4 Rc8 36. Ne7+ Kf7 37. Nxc8 Kg6 38. Nd6 Kg5 39. Ra5+ Kg4 40. Re5 Nd3 41. Rxe4+ Kh3 42. Kxd3 Kg2 43. Nd2 f2 44. Rf4 Bc1 45. Rxf2+ Kxf2 46. g4 Ba3 47. N6e4+ 1-0


[Site "https://www.chess.com"]

[Event "Titled Tuesday Blitz June 28 Early 2022"]
[White "Horak, Martin"]
[Black "Silva, Pedro Gil Ferreira Da"]
[WhiteFideId "367095"]
[BlackFideId "1946102"]
[WhiteElo "1997"]
[BlackElo "1863"]
[Result "1-0"]
[Round "10"]
[TimeControl "180+1"]
[Date "2022.06.28"]
[WhiteClock "0:01:18"]
[BlackClock "0:01:54"]

1. e4 c6 2. Nf3 d5 3. Nc3 dxe4 4. Nxe4 g6 5. d4 Bg7 6. Bc4 Nf6 7. Nxf6+ Bxf6 8. Bh6 Nd7 9. Qe2 Nb6 10. Bb3 a5 11. a4 Bg4 12. Ne5 Qxd4 13. Bxf7+ Kd8 14. Nxg4 Qb4+ 15. c3 Bxc3+ 16. bxc3 Qxc3+ 17. Qd2+ 1-0


[Site "https://www.chess.com"]

[Event "Titled Tuesday Blitz June 28 Early 2022"]
[White "Hovhannisyan, Robert"]
[Black "Agasarov, Benik"]
[WhiteFideId "13302507"]
[BlackFideId "13314823"]
[WhiteElo "2570"]
[BlackElo "2700"]
[Result "1-0"]
[Round "10"]
[TimeControl "180+1"]
[Date "2022.06.28"]
[WhiteClock "0:00:05"]
[BlackClock "0:00:13"]

1. e4 e5 2. Nf3 Nc6 3. Bb5 Nf6 4. O-O Nxe4 5. d4 Nd6 6. Bxc6 dxc6 7. dxe5 Nf5 8. Qxd8+ Kxd8 9. Nc3 Ke8 10. h3 h5 11. Bf4 Be7 12. Rad1 Be6 13. Ng5 Rh6 14. Nxe6 Rxe6 15. g4 hxg4 16. hxg4 Rg6 17. f3 Bc5+ 18. Kg2 Be3 19. Bg3 Nxg3 20. Kxg3 Ke7 21. f4 Rh6 22. Rh1 Rxh1 23. Rxh1 g5 24. fxg5 Bxg5 25. Kf3 Ke6 26. Rh5 Be7 27. Ne2 Rd8 28. Nf4+ Kd7 29. Rh7 Ke8 30. Rh8+ Kd7 31. Rxd8+ Bxd8 32. Ke4 Bh4 33. Kf5 Ke7 34. g5 Bf2 35. e6 Bd4 36. b3 Be3 37. exf7 Kxf7 38. Ne6 Ke7 39. Nxc7 Kd6 40. Ne8+ Ke7 41. Nf6 Bd4 42. Ng4 Bg7 43. Nf6 Bh8 44. Ne4 Bg7 45. Nc5 b6 46. Ne4 a5 47. a4 b5 48. Nf6 Kf7 49. Nh5 Bh8 50. g6+ Ke7 51. g7 Bxg7 52. Nxg7 bxa4 53. bxa4 Kd6 54. Ne6 Kd5 55. Nd8 Kc5 56. Ke4 Kb4 57. Nxc6+ Kxa4 58. Nxa5 Kb4 59. Kd4 Kxa5 60. Kc5 1-0


[Site "https://www.chess.com"]

[Event "Titled Tuesday Blitz June 28 Early 2022"]
[White "Ianov, Viktor"]
[Black "Kuzmin, Roman"]
[WhiteFideId "14102730"]
[BlackFideId "44134932"]
[WhiteElo "2152"]
[BlackElo "1968"]
[Result "1/2-1/2"]
[Round "10"]
[TimeControl "180+1"]
[Date "2022.06.28"]
[WhiteClock "0:01:07"]
[BlackClock "0:00:04"]

1. Nf3 d5 2. g3 Nf6 3. Bg2 c6 4. O-O Bg4 5. d3 Nbd7 6. Nbd2 e5 7. e4 Bd6 8. h3 Bh5 9. exd5 cxd5 10. c4 d4 11. b4 O-O 12. Qb3 a5 13. b5 Qe7 14. Re1 Nc5 15. Qc2 Qc7 16. Ba3 Rae8 17. Bxc5 Bxc5 18. Ng5 h6 19. Nge4 Nxe4 20. Bxe4 f5 21. Bd5+ Kh8 22. a3 e4 23. dxe4 d3 24. Qxd3 Bxf2+ 25. Kg2 Bxe1 26. Rxe1 fxe4 27. Rxe4 Bg6 28. Rxe8 Bxd3 29. Rxf8+ Kh7 30. Rf7 Qe5 31. Rf2 b6 32. Nf3 Qc3 33. Nd2 a4 34. h4 Qd4 35. Rf3 Bxc4 36. Bxc4 Qxd2+ 37. Kh3 Qd7+ 38. g4 Qd1 39. Bd3+ Kg8 40. Kg3 Qg1+ 41. Kf4 Qd4+ 42. Kg3 Qg1+ 43. Kf4 Qa1 44. h5 Qd4+ 45. Kg3 Qd6+ 46. Kg2 g5 47. Bf5 Qc5 48. Be6+ Kh8 49. Bd7 Qc2+ 50. Kh3 Qd1 51. Bc6 Qe2 52. Kg3 Kg7 53. Kh3 Qe5 54. Kg2 Qe1 55. Kh3 Qh1+ 56. Kg3 Qg1+ 57. Kh3 Qh1+ 58. Kg3 Qe1+ 59. Kh3 Qe5 60. Kg2 Qe1 61. Kh3 1/2-1/2


[Site "https://www.chess.com"]

[Event "Titled Tuesday Blitz June 28 Early 2022"]
[White "Iinuma, Paul Y"]
[Black "Jiganchine, Roman"]
[WhiteFideId "2031809"]
[BlackFideId "2603667"]
[WhiteElo "2052"]
[BlackElo "2282"]
[Result "1/2-1/2"]
[Round "10"]
[TimeControl "180+1"]
[Date "2022.06.28"]
[WhiteClock "0:00:04"]
[BlackClock "0:00:25"]

1. d4 d5 2. c4 e6 3. Nc3 Nf6 4. Nf3 c5 5. cxd5 cxd4 6. dxe6 dxc3 7. exf7+ Ke7 8. Qb3 Be6 9. Qxb7+ Nbd7 10. bxc3 Bxf7 11. Ne5 Ke8 12. Nc6 Qc8 13. Qb5 Bc5 14. Ne5 a6 15. Qa4 Bxf2+ 16. Kxf2 Qc5+ 17. Be3 Qxe5 18. Bd4 Qf5+ 19. Kg1 Qb5 20. Qc2 Bc4 21. a4 Qc6 22. e4 Bxf1 23. Rxf1 Qxe4 24. Qxe4+ Nxe4 25. Re1 Nf6 26. Bxf6 gxf6 27. Rxe4+ Kf7 28. Kf2 Rhc8 29. Re3 Rc4 30. Rb1 Rac8 31. Rb7+ R8c7 32. Rb6 R7c6 33. Rb7+ Rc7 34. Rb6 R7c6 35. Rb7+ Rc7 1/2-1/2


[Site "https://www.chess.com"]

[Event "Titled Tuesday Blitz June 28 Early 2022"]
[White "Ismagilov, Damir"]
[Black "Timofeev, Artyom"]
[WhiteFideId "34199982"]
[BlackFideId "4140419"]
[WhiteElo "2138"]
[BlackElo "2578"]
[Result "0-1"]
[Round "10"]
[TimeControl "180+1"]
[Date "2022.06.28"]
[WhiteClock "0:00:08"]
[BlackClock "0:00:16"]

1. d4 Nf6 2. c4 g6 3. Nc3 d5 4. cxd5 Nxd5 5. e4 Nxc3 6. bxc3 Bg7 7. Qa4+ Nd7 8. Nf3 O-O 9. Be2 c5 10. O-O Qc7 11. e5 Nb6 12. Qa3 Be6 13. h4 Rfc8 14. h5 gxh5 15. Bg5 h6 16. Bh4 Nd5 17. Rfe1 cxd4 18. cxd4 Bg4 19. Rac1 Qd7 20. Bc4 e6 21. Nd2 Bf5 22. Ne4 Bxe4 23. Rxe4 b5 24. Bd3 b4 25. Qb2 Rc3 26. Rd1 Rac8 27. Ree1 Nf4 28. Bb1 a5 29. Qd2 Ng6 30. Bg3 h4 31. Bh2 h3 32. g4 Nh4 33. Be4 Nf3+ 34. Bxf3 Rxf3 35. d5 Qxd5 36. Qxd5 exd5 37. Rxd5 Rc2 38. Bg3 Rxa2 39. Rd8+ Kh7 40. Rd7 Kg6 41. Rd6+ Kg5 42. e6 fxe6 43. Rexe6 Bf6 44. Rd5+ Kg6 45. Bh4 b3 46. Rdd6 b2 47. Rxf6+ Rxf6 48. Rxf6+ Kg7 49. Rb6 Ra1+ 50. Kh2 b1=Q 51. Rxb1 Rxb1 52. Bg3 a4 53. Kxh3 Kg6 54. Be5 a3 55. f4 a2 56. Kh4 a1=Q 57. f5+ Kh7 58. Bxa1 Rxa1 59. Kh5 Rh1# 0-1


[Site "https://www.chess.com"]

[Event "Titled Tuesday Blitz June 28 Early 2022"]
[White "Jeet, Jain"]
[Black "Ismayil, Malak"]
[WhiteFideId "5073022"]
[BlackFideId "13412604"]
[WhiteElo "2055"]
[BlackElo "1879"]
[Result "0-1"]
[Round "10"]
[TimeControl "180+1"]
[Date "2022.06.28"]
[WhiteClock "0:00:07"]
[BlackClock "0:00:07"]

1. d4 Nf6 2. Nf3 e6 3. e3 b6 4. b3 Bb7 5. Bb2 d6 6. c4 Be7 7. Bd3 O-O 8. O-O Nbd7 9. Nbd2 Re8 10. e4 Bf8 11. e5 Nh5 12. Bc2 g6 13. Re1 Ng7 14. Ne4 Nf5 15. g4 Ng7 16. h3 d5 17. cxd5 exd5 18. Ng3 Ne6 19. Qd2 c5 20. h4 cxd4 21. h5 a5 22. Kg2 Bb4 23. Qh6 Bf8 24. Qc1 Rc8 25. Nxd4 Qh4 26. hxg6 fxg6 27. Qd1 Bg7 28. Nxe6 Rxe6 29. f4 Nc5 30. Rh1 Qe7 31. Bd4 Ne4 32. Bd3 Qb4 33. Be2 Nc3 34. Bxc3 Rxc3 35. Bf3 Qxf4 36. Re1 Rxe5 37. Rxe5 Qxe5 38. Nf1 Qf4 39. Qe2 Rc8 40. Rd1 Kh8 41. Bxd5 Bxd5+ 42. Rxd5 Rf8 43. Ng3 Qf6 44. Rd7 Qc6+ 45. Kh2 Qxd7 46. Qe3 Qxg4 47. Qe7 Rf2+ 48. Kh1 Qxg3 49. Qe8+ Bf8 0-1


[Site "https://www.chess.com"]

[Event "Titled Tuesday Blitz June 28 Early 2022"]
[White "Jia, Haoxiang"]
[Black "Lashkin, Jegor"]
[WhiteFideId "8602999"]
[BlackFideId "13907808"]
[WhiteElo "2621"]
[BlackElo "2368"]
[Result "0-1"]
[Round "10"]
[TimeControl "180+1"]
[Date "2022.06.28"]
[WhiteClock "0:01:55"]
[BlackClock "0:02:33"]

1. c4 e5 2. g3 c6 3. Bg2 d5 4. cxd5 cxd5 5. Nc3 d4 6. Nb1 Nc6 7. d3 Nf6 8. Nf3 h6 9. O-O Bd6 10. Nbd2 O-O 11. Nc4 Bc7 12. a4 Be6 13. b3 Bd5 14. Ba3 Re8 15. Rc1 Qd7 16. b4 Rad8 17. b5 Na5 18. Nfd2 Nxc4 19. Nxc4 Bxg2 20. Kxg2 e4 21. dxe4 Nxe4 22. Qd3 Nc3 23. Rc2 Nxa4 24. Nd2 Nc3 25. Nf3 Nxb5 26. Rd1 Bb6 27. Bb2 Qd5 28. Rdd2 a6 29. Qc4 Qxc4 30. Rxc4 Rc8 31. Rdc2 Rxc4 32. Rxc4 Rxe2 33. Bxd4 Nxd4 34. Nxd4 Rd2 0-1


[Site "https://www.chess.com"]

[Event "Titled Tuesday Blitz June 28 Early 2022"]
[White "Johnson, Ben"]
[Black "Mikhalsky, Vladimir"]
[WhiteFideId "2010917"]
[BlackFideId "14144352"]
[WhiteElo "2203"]
[BlackElo "2301"]
[Result "0-1"]
[Round "10"]
[TimeControl "180+1"]
[Date "2022.06.28"]
[WhiteClock "0:00:10"]
[BlackClock "0:01:35"]

1. Nf3 c5 2. c4 Nf6 3. Nc3 d5 4. cxd5 Nxd5 5. e4 Nxc3 6. bxc3 g6 7. d4 Bg7 8. h3 O-O 9. Be2 Nc6 10. Be3 cxd4 11. cxd4 Qa5+ 12. Qd2 Qxd2+ 13. Kxd2 Rd8 14. Kc3 Be6 15. e5 Rac8 16. Kb2 f6 17. Rhd1 fxe5 18. d5 Bxd5 19. Rxd5 Rxd5 20. Bc4 Nb4 21. Kb3 b5 22. Bxd5+ Nxd5 23. Rd1 Rc3+ 24. Kb2 e4 25. Bd4 exf3 26. Bxg7 Kxg7 27. Rxd5 fxg2 28. Rg5 Rxh3 29. Rxg2 Rf3 30. Kc2 b4 31. Kd2 e5 32. Ke2 Ra3 0-1


[Site "https://www.chess.com"]

[Event "Titled Tuesday Blitz June 28 Early 2022"]
[White "Jones, Gawain C B"]
[Black "Kjartansson, David"]
[WhiteFideId "409561"]
[BlackFideId "2301130"]
[WhiteElo "2657"]
[BlackElo "2382"]
[Result "1-0"]
[Round "10"]
[TimeControl "180+1"]
[Date "2022.06.28"]
[WhiteClock "0:00:06"]
[BlackClock "0:00:07"]

1. c4 d6 2. d4 Nf6 3. Nc3 Nbd7 4. e4 e5 5. d5 Be7 6. Be3 c6 7. h3 O-O 8. Be2 Nc5 9. Qc2 cxd5 10. cxd5 Qa5 11. Bd2 Qb4 12. Rd1 Ncxe4 13. a3 Qc5 14. Be3 Qc7 15. Nf3 Bf5 16. Bd3 Nxc3 17. Bxf5 Ncxd5 18. Qxc7 Nxc7 19. O-O h6 20. Bd2 g6 21. Bb1 Kg7 22. Rfe1 Ne6 23. Bb4 Nc5 24. Nxe5 dxe5 25. Rxe5 Rad8 26. Rxd8 Rxd8 27. Rxe7 Rd1+ 28. Re1 Rxe1+ 29. Bxe1 Nd5 30. Kf1 Kf6 31. Ba2 Nf4 32. Bc3+ Ke7 33. g3 Nxh3 34. Bb4 b6 35. f4 g5 36. Kg2 g4 37. Bc4 h5 38. Bf1 Kf6 39. Bxc5 bxc5 40. Bc4 Ke7 41. Bd3 Ke6 42. Bc4+ Ke7 43. b3 a5 44. Kf1 f6 45. Kg2 Kf8 46. Bd3 Kg7 47. Bf5 Kh6 48. Bd7 Kg7 49. Be8 Kh6 50. Bf7 f5 51. Be8 h4 52. Bd7 hxg3 53. Kxg3 Kg6 54. Bc6 Ng1 55. Kf2 Nh3+ 56. Ke3 Kf6 57. Bg2 Ng1 58. Kf2 Nh3+ 59. Kg3 Ng1 60. Kf2 Nh3+ 61. Bxh3 gxh3 62. Kg3 Ke6 63. Kxh3 Kd5 64. Kh4 Kd4 65. Kg5 a4 66. bxa4 c4 67. a5 c3 68. a6 c2 69. a7 c1=Q 70. a8=Q Qg1+ 71. Kxf5 Qb1+ 72. Kg5 Qg1+ 73. Kf6 Qg4 74. Qa4+ Kc5 75. Qb4+ Kc6 76. Qc4+ Kb6 77. Qe6+ Qxe6+ 78. Kxe6 Ka5 79. f5 Ka4 80. f6 Kxa3 81. f7 Ka2 82. f8=Q Ka1 83. Qb4 1-0


[Site "https://www.chess.com"]

[Event "Titled Tuesday Blitz June 28 Early 2022"]
[White "Kamsky, Gata"]
[Black "Bortnyk, Olexandr"]
[WhiteFideId "2000024"]
[BlackFideId "14120828"]
[WhiteElo "2645"]
[BlackElo "2723"]
[Result "0-1"]
[Round "10"]
[TimeControl "180+1"]
[Date "2022.06.28"]
[WhiteClock "0:00:01"]
[BlackClock "0:00:01"]

1. e4 d6 2. Nc3 Nf6 3. f4 Nbd7 4. Nf3 e5 5. fxe5 dxe5 6. Bc4 Bc5 7. d3 c6 8. Qe2 b5 9. Bb3 Qb6 10. a4 b4 11. a5 Qc7 12. Nd1 Ba6 13. Ne3 Nxe4 14. Nf5 O-O-O 15. Qxe4 Nf6 16. Qh4 e4 17. Bf4 Qd7 18. Nxg7 exf3 19. O-O-O fxg2 20. Qxf6 gxh1=Q 21. Rxh1 Bd4 22. Qh6 Kb7 23. Kb1 Rdg8 24. Ne6 Rg6 25. Nf8 Rxh6 26. Nxd7 Rh5 27. Re1 Rf5 28. Bg3 Kc8 29. Re7 Rd8 30. Ne5 Bxe5 31. Bxe5 Rxe5 32. Rxe5 Rf8 33. Rh5 f6 34. Rxh7 Kb8 35. Rf7 Rh8 0-1


[Site "https://www.chess.com"]

[Event "Titled Tuesday Blitz June 28 Early 2022"]
[White "Kanyamarala, Trisha"]
[Black "Prieto Aranguren, Alain"]
[WhiteFideId "45004722"]
[BlackFideId "2268906"]
[WhiteElo "2134"]
[BlackElo "2224"]
[Result "1-0"]
[Round "10"]
[TimeControl "180+1"]
[Date "2022.06.28"]
[WhiteClock "0:00:07"]
[BlackClock "0:00:28"]

1. c4 a6 2. Nc3 b5 3. cxb5 axb5 4. Nxb5 Bb7 5. d4 h5 6. Nf3 h4 7. h3 Rh5 8. e3 Ba6 9. Ne5 Nf6 10. Bc4 e6 11. Be2 Rg5 12. O-O d6 13. f4 Rg3 14. Nf3 Ne4 15. Nc3 Nxc3 16. bxc3 Bb7 17. Bd2 Qf6 18. Be1 Rg6 19. Bxh4 Qf5 20. Bd3 Qh5 21. Bxg6 Qxg6 22. Rb1 Be4 23. Rb2 Nd7 24. Qb3 Nb6 25. Qb5+ Nd7 26. Qc4 Bd3 27. Qc6 Rc8 28. Qb7 Rb8 29. Qxc7 Ra8 30. Rb7 Bb5 31. Rxb5 Be7 32. Bxe7 Kxe7 33. Rb7 Rd8 34. Qc6 Qg3 35. Rfb1 g5 36. Rc7 gxf4 37. exf4 Rg8 38. Qxd7+ Kf6 39. Qxf7# 1-0


[Site "https://www.chess.com"]

[Event "Titled Tuesday Blitz June 28 Early 2022"]
[White "Kohler, Aran"]
[Black "Melikhov, Evgeny V."]
[WhiteFideId "1002856"]
[BlackFideId "4122046"]
[WhiteElo "2269"]
[BlackElo "1904"]
[Result "1-0"]
[Round "10"]
[TimeControl "180+1"]
[Date "2022.06.28"]
[WhiteClock "0:00:29"]
[BlackClock "0:00:12"]

1. e4 c5 2. Nf3 d6 3. d4 cxd4 4. Nxd4 Nf6 5. Nc3 a6 6. f3 e5 7. Nb3 Be6 8. Be3 Be7 9. Nd5 Nxd5 10. exd5 Bf5 11. Bd3 Bxd3 12. Qxd3 O-O 13. O-O f5 14. c4 Nd7 15. Kh1 b6 16. a4 a5 17. Nd2 Nc5 18. Qc2 Bg5 19. f4 exf4 20. Bxf4 Bxf4 21. Rxf4 Qe7 22. Raf1 g6 23. Nf3 Rae8 24. Nd4 Qe3 25. g3 Re4 26. Rxe4 Nxe4 27. Ne6 Rc8 28. b3 Nc3 29. Qb2 Qe2 30. Qxe2 Nxe2 31. Rf2 Nc1 32. Rf3 Na2 33. Kg2 Nb4 34. h4 Kf7 35. Ng5+ Kg7 36. Re3 h6 37. Re7+ Kf8 38. Rh7 Kg8 39. Rxh6 Kg7 40. Rh7+ Kf6 41. Rf7+ Ke5 42. Kf3 Kd4 43. Rf6 Kc3 44. Rxd6 Kxb3 45. Rxb6 Kxa4 46. Rxg6 Rxc4 47. h5 Nxd5 48. h6 Rc1 49. h7 Rh1 50. Rg8 1-0


[Site "https://www.chess.com"]

[Event "Titled Tuesday Blitz June 28 Early 2022"]
[White "Kopczynski, Michal"]
[Black "Terrieux, Kevin"]
[WhiteFideId "1124200"]
[BlackFideId "622591"]
[WhiteElo "2235"]
[BlackElo "2482"]
[Result "0-1"]
[Round "10"]
[TimeControl "180+1"]
[Date "2022.06.28"]
[WhiteClock "0:00:37"]
[BlackClock "0:00:30"]

1. e4 c5 2. d4 cxd4 3. c3 dxc3 4. Nxc3 e6 5. f4 a6 6. Nf3 Bc5 7. Bd3 Ne7 8. Qe2 Qb6 9. Bd2 Qd8 10. O-O-O Nbc6 11. Kb1 d6 12. e5 d5 13. f5 exf5 14. Bg5 Be6 15. Rc1 Ba7 16. Rhd1 h6 17. Bh4 d4 18. Na4 Qa5 19. b3 Nd5 20. Be1 Qd8 21. Bxa6 bxa6 22. Rxc6 O-O 23. Nxd4 Bxd4 24. Rxd4 Qg5 25. Qd2 Ne3 26. h4 Qxg2 27. Qxe3 Qxc6 28. Rd6 Qe4+ 29. Qxe4 fxe4 30. Nc5 Bf5 31. Nxa6 e3+ 32. Kc1 Rac8+ 33. Kd1 Bg4# 0-1


[Site "https://www.chess.com"]

[Event "Titled Tuesday Blitz June 28 Early 2022"]
[White "Korchmar, Vasiliy"]
[Black "Kollars, Dmitrij"]
[WhiteFideId "24131750"]
[BlackFideId "12909572"]
[WhiteElo "2370"]
[BlackElo "2584"]
[Result "0-1"]
[Round "10"]
[TimeControl "180+1"]
[Date "2022.06.28"]
[WhiteClock "0:00:01"]
[BlackClock "0:00:14"]

1. e4 c6 2. d4 d5 3. e5 Bf5 4. c4 e6 5. Nc3 dxc4 6. Bxc4 Nd7 7. Nge2 Ne7 8. Ng3 Bg6 9. O-O Nf5 10. Nxf5 Bxf5 11. Be3 Be7 12. g4 Nb6 13. Bb3 Bg6 14. f4 h6 15. f5 exf5 16. gxf5 Bg5 17. fxg6 Bxe3+ 18. Kh1 Qxd4 19. Bxf7+ Ke7 20. Qb3 Qg4 21. Rad1 Rhd8 22. Rxd8 Rxd8 23. Qa3+ c5 24. Qxa7 Qh3 25. Qxb7+ Rd7 26. Qg2 Qxg2+ 27. Kxg2 Rd2+ 28. Kf3 Bd4 29. Ne4 Rxh2 30. Rc1 Nd7 31. a4 Nxe5+ 32. Kg3 Rxb2 33. Nxc5 Be3 34. Rd1 Bxc5 35. Rd5 Bd6 0-1


[Site "https://www.chess.com"]

[Event "Titled Tuesday Blitz June 28 Early 2022"]
[White "Kozlov, Oleg"]
[Black "Rom, Jasper"]
[WhiteFideId "4104544"]
[BlackFideId "2023733"]
[WhiteElo "2132"]
[BlackElo "2233"]
[Result "0-1"]
[Round "10"]
[TimeControl "180+1"]
[Date "2022.06.28"]
[WhiteClock "0:00:50"]
[BlackClock "0:00:55"]

1. d4 d5 2. c4 e6 3. Nf3 c6 4. g3 Nf6 5. Bg2 Bb4+ 6. Nbd2 O-O 7. O-O b6 8. Qc2 Bb7 9. a3 Be7 10. e4 Na6 11. Rd1 Rc8 12. Qb1 Qc7 13. b4 c5 14. exd5 exd5 15. dxc5 bxc5 16. b5 Nb8 17. cxd5 Bxd5 18. Bb2 c4 19. Rc1 Qb7 20. a4 Ne4 21. Bh3 c3 22. Bxc8 Rxc8 23. Bxc3 Nxc3 24. Qd3 Bf6 25. Kf1 Be6 26. Ra3 Bh3+ 27. Ke1 Re8+ 0-1


[Site "https://www.chess.com"]

[Event "Titled Tuesday Blitz June 28 Early 2022"]
[White "Kucuksari, Kaan"]
[Black "Jaskolka, Tomasz"]
[WhiteFideId "6380166"]
[BlackFideId "1170791"]
[WhiteElo "2305"]
[BlackElo "2073"]
[Result "0-1"]
[Round "10"]
[TimeControl "180+1"]
[Date "2022.06.28"]
[WhiteClock "0:00:03"]
[BlackClock "0:00:47"]

1. d4 e6 2. c4 f5 3. Nf3 Nf6 4. g3 Be7 5. Bg2 O-O 6. O-O d6 7. Nc3 Qe8 8. Re1 Qg6 9. b4 Ne4 10. Bb2 Nxc3 11. Bxc3 Nd7 12. e4 fxe4 13. Rxe4 e5 14. Nh4 Bxh4 15. Rxh4 exd4 16. Qxd4 Ne5 17. f4 Nc6 18. Bd5+ Kh8 19. Bxc6 bxc6 20. Re1 Bb7 21. Re7 Rf7 22. f5 Qxf5 23. Rf4 Qxf4 24. Qxg7+ Rxg7 25. Bxg7+ Kg8 26. gxf4 c5 27. Rxc7 Be4 28. bxc5 dxc5 29. Be5 Rd8 30. Rg7+ Kf8 31. Rxa7 Rd2 32. a4 Rg2+ 33. Kf1 Rxh2 34. a5 Ra2 35. a6 Bd3+ 36. Ke1 Bxc4 37. Ra8+ Kf7 38. a7 Bd5 39. Rd8 Be4 40. Rd7+ Ke6 41. Rc7 Kd5 42. Kd1 Kc4 43. Bd6 Kd3 44. Rxc5 Ra1+ 45. Rc1 Bf3+ 46. Ke1 Rxc1+ 47. Kf2 Ba8 48. f5 Rc6 49. Be7 Rc7 50. f6 Rc2+ 51. Kf1 Ke3 52. Ba3 Rf2+ 53. Ke1 Rxf6 54. Bc1+ Kd3 55. Be3 Kxe3 56. Kd1 Be4 57. Ke1 Rb6 0-1


[Site "https://www.chess.com"]

[Event "Titled Tuesday Blitz June 28 Early 2022"]
[White "Ladan, Nicholas"]
[Black "Nilsson, Joakim"]
[WhiteFideId "30918855"]
[BlackFideId "1723383"]
[WhiteElo "2167"]
[BlackElo "2210"]
[Result "1/2-1/2"]
[Round "10"]
[TimeControl "180+1"]
[Date "2022.06.28"]
[WhiteClock "0:00:26"]
[BlackClock "0:00:27"]

1. d4 c5 2. d5 e5 3. Nf3 d6 4. Nc3 Be7 5. e4 Nf6 6. Bd3 O-O 7. O-O Na6 8. Nd2 Nc7 9. a4 b6 10. Nc4 a6 11. Nxb6 Rb8 12. Nxc8 Qxc8 13. Qe2 g6 14. f4 Nd7 15. f5 f6 16. fxg6 hxg6 17. Qg4 Kg7 18. Rf3 Qe8 19. Rh3 Rh8 20. Rxh8 Kxh8 21. h4 Rb4 22. b3 f5 23. Qh3 Qf7 24. exf5 Rxh4 25. fxg6 Rxh3 26. gxf7 Rh4 27. Ne4 Nxd5 28. Bg5 Bxg5 29. Nxg5 Rg4 30. Ne6 Nf4 31. f8=Q+ Nxf8 32. Nxf8 Nxg2 33. Kf2 Nf4 34. Bf5 Rg2+ 35. Kf3 Rg5 36. Rh1+ Kg7 37. Ne6+ Nxe6 38. Bxe6 Rg6 39. Bd5 Rf6+ 40. Ke3 Rf4 41. Rg1+ Kf6 42. Rg8 Rd4 43. Ra8 Rxd5 44. Rxa6 Ke6 45. Rb6 Rd1 46. a5 Kd7 47. a6 Ra1 48. Ke4 Kc7 49. Rb7+ Kc6 50. Ra7 Kb6 51. Rd7 Kc6 52. Ra7 Kb6 53. Rb7+ Kc6 54. Ra7 1/2-1/2


[Site "https://www.chess.com"]

[Event "Titled Tuesday Blitz June 28 Early 2022"]
[White "Le, Quang Liem"]
[Black "Shimanov, Aleksandr"]
[WhiteFideId "12401137"]
[BlackFideId "4198603"]
[WhiteElo "2657"]
[BlackElo "2605"]
[Result "0-1"]
[Round "10"]
[TimeControl "180+1"]
[Date "2022.06.28"]
[WhiteClock "0:00:07"]
[BlackClock "0:00:09"]

1. Nf3 d5 2. d4 Nf6 3. c3 c6 4. Qc2 Bg4 5. Ne5 Nbd7 6. Nxg4 Nxg4 7. e4 dxe4 8. Be2 Ngf6 9. Nd2 e6 10. O-O Bd6 11. Nxe4 Nxe4 12. Qxe4 Nf6 13. Qf3 O-O 14. Rd1 a5 15. a4 Be7 16. Bf4 Qd5 17. Qh3 Rfd8 18. Be5 Qd7 19. Bd3 g6 20. Re1 Nd5 21. Re4 Bf6 22. Be2 Bxe5 23. dxe5 Kg7 24. Qf3 Qe7 25. h4 h5 26. Qg3 Rh8 27. Rd1 Rad8 28. Rd3 Nc7 29. Rd6 Ne8 30. Rxd8 Qxd8 31. Rd4 Qe7 32. Qd3 Qc5 33. Qe4 Qe7 34. Qf4 Nc7 35. c4 Rc8 36. Qd2 Qc5 37. Qf4 Qe7 38. Kh2 Ne8 39. g3 Rd8 40. Kg2 Rd7 41. Bf3 Qd8 42. Rxd7 Qxd7 43. Qe3 Nc7 44. Qb6 Na6 45. Qxa5 Qd4 46. b4 Qxc4 47. b5 cxb5 48. Qxb5 Qxb5 49. axb5 Nc5 50. b6 Nd7 51. Bxb7 Nxb6 52. f4 Kf8 53. Kf3 Ke7 54. Bc6 Nc4 55. Ke4 Nd2+ 56. Ke3 Nc4+ 57. Kd3 Nb6 58. Kd4 Kf8 59. Kc5 Nc8 60. Be4 Ne7 61. Kd6 Ng8 62. Kd7 Nh6 63. Kd6 Ng8 64. Kc5 Ke7 65. Kd4 Nh6 66. Kc5 Ng8 67. Kd4 Nh6 68. Kc5 Ng4 69. Kd4 Nh2 70. Ke3 Ng4+ 71. Kf3 Nh6 72. Bd3 Ng4 73. Bb5 Nh6 74. Ke4 Ng4 75. Be2 Nh6 76. Bd3 Nf5 77. Kf3 Nh6 78. Ke3 Ng4+ 79. Kd4 Nh6 80. Be2 Nf5+ 81. Kc5 Nxg3 82. Bd3 Nf5 83. Bxf5 gxf5 84. Kc4 f6 85. exf6+ Kxf6 86. Kd4 Kf7 87. Ke5 Ke7 88. Kd4 Kd6 89. Kd3 Kd5 90. Ke3 Kc4 0-1


[Site "https://www.chess.com"]

[Event "Titled Tuesday Blitz June 28 Early 2022"]
[White "Li, Zhuoling"]
[Black "Kanyamarala, Tarun"]
[WhiteFideId "8605629"]
[BlackFideId "45004714"]
[WhiteElo "2286"]
[BlackElo "2219"]
[Result "1-0"]
[Round "10"]
[TimeControl "180+1"]
[Date "2022.06.28"]
[WhiteClock "0:00:23"]
[BlackClock "0:01:32"]

1. e4 c6 2. d4 d5 3. e5 c5 4. dxc5 e6 5. a3 Bxc5 6. b4 Be7 7. Nf3 f6 8. Bb2 Nc6 9. Bb5 Bd7 10. Bxc6 bxc6 11. O-O Nh6 12. Re1 O-O 13. c4 Be8 14. cxd5 cxd5 15. Nbd2 Bh5 16. Qb3 fxe5 17. Rxe5 Bg4 18. h3 Bf5 19. Rae1 Bd6 20. R5e2 a5 21. b5 a4 22. Qc3 Rf7 23. Nd4 Rc8 24. Nc6 Qc7 25. Nf3 Rcf8 26. Ng5 Rf6 27. Ne5 Bxe5 28. Qxe5 Qd6 29. Qxd6 1-0


[Site "https://www.chess.com"]